Map: 亚历山大港 - 天梯版

Players

eGGz

  • Race: Zerg Zerg
  • League: Master

Stephano - Winner!

  • Race: Zerg Zerg

Event: WESG 2018 Grand Finals

VOD

Have the link to the VOD?

Description

Time

  • Played on: March 12, 2019, 6:05 a.m.
  • Length: 12:19

All games in this series

Show
View Real Time Build Order
Export as new Build Order

eGGz Zerg 

Build Orders: Hatch First 

Get SALT Encoding   

  12  0:01  Drone  
  13  0:12  Overlord  
  13  0:18  Drone  
  14  0:31  Drone x2  
  16  0:36  Drone  
  17  0:54  Hatchery  
  16  0:58  Drone  
  16  1:00  Drone  
  18  1:13  Extractor  
  18  1:15  Spawning Pool  
  16  1:18  Drone  
  16  1:23  Drone  
  19  1:32  Drone  
  19  1:50  Overlord  
  19  2:02  Queen  
  19  2:03  Zergling x2  
  19  2:06  Queen, Zergling x2  
  19  2:07  Drone  
  26  2:11  Drone  
  27  2:17  Drone  
  29  2:22  Drone  
  29  2:29  Drone  
  30  2:36  Drone  
  31  2:39  Baneling Nest  
  31  2:40  Lair  
  31  2:41  Drone  
  31  2:48  Overlord  
  31  2:49  Drone  
  32  3:00  Drone  
  32  3:01  Drone  
  32  3:05  Drone  
  35  3:07  Queen  
  35  3:10  Drone x2, Extractor  
  38  3:12  Extractor  
  38  3:13  Zergling x2  
  38  3:16  Drone x2  
  40  3:27  Drone  
  40  3:30  Overlord  
  40  3:31  Drone  
  40  3:32  Drone x2  
  43  3:38  Overlord  
  43  3:40  Extractor  
  41  3:49  Spire, Drone  
  41  3:50  Drone  
  42  3:55  Drone  
  42  3:56  Drone  
  42  3:59  Baneling x2  
  44  4:06  Drone x4  
  48  4:13  Drone x2  
  50  4:19  Metabolic Boost  
  50  4:20  Zergling x4  
  50  4:21  Zergling x2  
  50  4:23  Zergling x2  
  54  4:31  Zergling x6  
  54  4:32  Zergling x2  
  54  4:36  Overlord  
  58  4:52  Hatchery  
  57  4:59  Drone x2  
  59  5:04  Overlord  
  59  5:09  Baneling  
  59  5:10  Baneling x2  
  58  5:15  Mutalisk  
  58  5:18  Zergling x8  
  58  5:20  Mutalisk  
  58  5:28  Mutalisk x2  
  58  5:29  Mutalisk x2  
  58  5:32  Zergling x4  
  68  5:38  Mutalisk  
  62  5:48  Mutalisk x3  
  68  5:59  Overlord  
  68  6:04  Hatchery  
  67  6:20  Zergling x8  
  69  6:35  Zergling x12  
  69  6:39  Zerg Flyer Weapons Level 1  
  75  6:49  Overlord  
  75  6:50  Overlord  
  75  6:57  Overlord  
  75  7:01  Queen, Evolution Chamber  
  75  7:02  Baneling x3  
  75  7:03  Baneling x2  
  75  7:08  Mutalisk x4  
  78  7:10  Mutalisk  
  86  7:16  Mutalisk  
  88  7:25  Mutalisk x2  
  92  7:31  Zergling x4  
  92  7:32  Zergling x2  
  92  7:36  Zerg Melee Weapons Level 1  
  94  7:37  Queen  
  94  7:38  Drone x2  
  94  7:42  Mutalisk  
  100  7:50  Zergling x8  
  101  7:57  Hatchery, Mutalisk  
  101  8:08  Drone x5  
  101  8:12  Mutalisk, Extractor x2  
  104  8:14  Overlord x3  
  106  8:27  Spine Crawler  
  106  8:30  Spine Crawler  
  106  8:33  Baneling x8  
  102  8:42  Zergling x2  
  102  8:43  Zergling x12  
  109  8:50  Mutalisk x3  
  114  8:58  Drone  
  114  8:59  Drone x2  
  117  9:05  Mutalisk x2  
  121  9:16  Mutalisk x2  
  118  9:29  Mutalisk x2  
  122  9:35  Mutalisk  
  122  9:38  Zergling x12  
  128  9:41  Drone x2  
  128  9:42  Drone  
  133  9:50  Overlord  
  133  9:51  Mutalisk  
  135  9:55  Zerg Flyer Weapons Level 2  
  133  10:11  Mutalisk x3  
  137  10:20  Zergling x2  
  138  10:21  Zergling x14  
  138  10:25  Mutalisk  
  143  10:29  Overlord  
  143  10:30  Extractor  
  143  10:31  Extractor  
  141  10:40  Drone x2  
  143  10:46  Overlord x3  
  143  10:50  Mutalisk  
  143  10:53  Mutalisk  
  145  11:09  Zergling x4  
  145  11:10  Zergling x12  
  145  11:11  Zergling x4  
  141  11:19  Baneling x5  
  141  11:20  Baneling x5  
  141  11:22  Mutalisk  
  84  11:47  Zergling x10  
  84  11:48  Zergling x14  
  76  11:54  Mutalisk x2  
Show
View Real Time Build Order
Export as new Build Order

Stephano Zerg - Winner!

Build Orders: Hatch First 

Get SALT Encoding   

  12  0:01  Drone  
  13  0:13  Overlord  
  13  0:18  Drone  
  14  0:31  Drone x2  
  16  0:49  Hatchery  
  15  0:52  Drone  
  15  0:56  Drone  
  17  0:59  Drone  
  18  1:08  Drone  
  18  1:09  Extractor  
  18  1:18  Spawning Pool  
  18  1:22  Drone  
  18  1:29  Drone  
  19  1:40  Drone  
  19  1:44  Evolution Chamber  
  19  1:53  Drone  
  20  2:02  Drone  
  20  2:03  Overlord  
  20  2:05  Queen  
  20  2:07  Queen  
  25  2:14  Zerg Melee Weapons Level 1  
  25  2:18  Drone  
  25  2:22  Drone  
  27  2:26  Drone x2  
  29  2:36  Drone x2  
  31  2:40  Queen  
  33  2:45  Zergling x2  
  33  2:49  Overlord  
  34  2:54  Metabolic Boost  
  34  3:02  Roach Warren  
  34  3:05  Zergling x4  
  35  3:15  Drone x3  
  35  3:16  Drone  
  39  3:26  Overlord  
  39  3:29  Drone  
  40  3:36  Overlord  
  40  3:42  Hatchery  
  39  3:54  Zergling x14  
  46  4:04  Zergling x8  
  49  4:16  Zergling x4  
  51  4:22  Lair  
  51  4:23  Zerg Missile Weapons Level 1  
  51  4:24  Zergling x8  
  51  4:25  Zergling x2  
  57  4:38  Zergling x6  
  57  4:40  Overlord  
  59  5:06  Drone x11  
  70  5:08  Extractor  
  70  5:10  Extractor  
  58  5:18  Drone x3  
  59  5:21  Drone  
  56  5:31  Drone x5  
  60  5:41  Drone x4  
  60  5:44  Spire, Extractor  
  60  5:47  Queen  
  60  5:48  Queen x2  
  62  5:57  Spore Crawler x2  
  62  5:58  Spore Crawler  
  59  6:04  Zergling x10  
  59  6:05  Spore Crawler  
  60  6:23  Queen x2  
  61  6:27  Queen  
  61  6:30  Zergling x6  
  61  6:40  Glial Reconstitution  
  61  6:44  Drone x3  
  64  6:54  Drone x2  
  66  6:55  Overlord x3  
  66  7:04  Zerg Flyer Armor Level 1  
  65  7:13  Queen  
  69  7:15  Roach  
  69  7:16  Roach x2  
  69  7:22  Nydus Network  
  72  7:28  Roach x2  
  72  7:31  Overlord  
  72  7:32  Overlord x2  
  72  7:34  Roach x2  
  73  7:44  Overlord  
  73  7:53  Roach x7  
  87  7:58  Overseer  
  87  8:00  Roach  
  87  8:01  Roach  
  91  8:11  Corruptor x2  
  95  8:21  Corruptor  
  95  8:22  Corruptor  
  99  8:29  Overlord  
  99  8:32  Nydus Canal  
  99  8:44  Overlord  
  99  9:03  Overlord  
  99  9:04  Overlord, Corruptor x4  
  99  9:09  Overseer  
  107  9:14  Overlord  
  107  9:20  Hatchery  
  106  9:27  Corruptor  
  106  9:28  Spore Crawler  
  106  9:29  Corruptor  
  109  9:39  Corruptor  
  109  9:43  Corruptor  
  113  9:46  Corruptor  
  115  9:53  Corruptor  
  115  9:58  Overlord  
  115  10:09  Corruptor x2  
  117  10:18  Corruptor  
  119  10:36  Hatchery  
  119  10:41  Nydus Canal  
  118  10:46  Roach x6  
  130  10:52  Overseer  
  130  11:08  Roach x4  
  138  11:22  Roach  
  112  11:47  Corruptor x4  
  112  11:50  Overlord  
  118  12:14  Hatchery  
Tags
 
Add a new tag
Caveats
  • Supply blocks, unpowered buildings, or Contaminate may cause inaccurate times.
  • Supply counts are checked every 10 seconds.